 Dungeon Crawl Stone Soup version 0.20-a0-1109-ge3cd172 (webtiles) character file.

167 Azzok the Chopper (level 5, -1/45 HPs)
             Began as a Minotaur Fighter on May 5, 2017.
             Was an Initiate of Okawaru.
             Slain by an orc priest
             ... wielding a +0 trident
              (2 damage)
             ... on level 3 of the Dungeon.
             The game lasted 00:05:20 (1681 turns).

Azzok the Chopper (Minotaur Fighter)                Turns: 1681, Time: 00:05:21

Health: -1/45      AC:  9    Str: 22    XL:     5   Next: 23%
Magic:  5/5        EV:  5    Int:  5    God:    Okawaru [......]
Gold:   135        SH:  9    Dex:  9    Spells: 4/4 levels left

rFire    . . .     SeeInvis .   a - +0 war axe
rCold    . . .     Gourm    .   c - +0 shield
rNeg     + . .     Faith    .   q - +0 chain mail
rPois    .         Spirit   .   (helmet restricted)
rElec    .         Reflect  .   (no cloak)
rCorr    .         Harm     .   (no gloves)
MR       .....                  (no boots)
Stlth    ..........             (no amulet)
Regen    0.2/turn               j - ring of positive energy
MPRegen  0.1/turn               (no ring)

@: no status effects
A: retaliatory headbutt, horns 2
a: Renounce Religion


You were on level 3 of the Dungeon.
You worshipped Okawaru.
Okawaru was noncommittal.
You were not hungry.

You visited 1 branch of the dungeon, and saw 3 of its levels.

You collected 135 gold pieces.

Inventory:

Hand Weapons
 a - a +0 war axe (weapon)
Armour
 c - a +0 shield (worn)
 q - a +0 chain mail (worn)
Jewellery
 j - a ring of positive energy (left hand)
Wands
 u - a wand of polymorph (13/24)
Scrolls
 e - a scroll of enchant armour {unknown}
 g - a scroll of remove curse {unknown}
 l - 4 scrolls of identify {unknown}
 m - a scroll of amnesia {unknown}
 r - a scroll of immolation {unknown}
 t - a scroll of recharging {unknown}
Potions
 d - a potion of might
 i - a potion of berserk rage {unknown}
 o - 3 potions of curing {unknown}
 p - a potion of lignification {unknown}
 s - 2 potions of brilliance {unknown}
 v - a potion of agility
Comestibles
 b - 6 fruits
 f - 2 bread rations
 h - a chunk of flesh
 k - a royal jelly
 n - a meat ration


   Skills:
 - Level 3.6 Fighting
 * Level 6.0 Axes
 - Level 3.6 Armour
 - Level 3.6 Shields
 + Level 2.0 Invocations


You had 4 spell levels left.
You didn't know any spells.

Dungeon Overview and Level Annotations

Branches:
Dungeon (3/15)

Altars:
Okawaru


Innate Abilities, Weirdness & Mutations

You reflexively headbutt those who attack you in melee.
You have a pair of horns on your head.


Message History

The orc priest hits you from afar with a trident.
Your shield and chain mail prevent you from hitting the adder.
The adder is almost dead.
The adder barely misses you. The adder bites you but does no damage.
The orc priest calls down the wrath of Beogh upon you.
Beogh smites you!
* * * LOW HITPOINT WARNING * * *
You hit the adder.
You kill the adder!
Okawaru accepts your kill.
Your Axes skill increases to level 6!
Your Invocations skill increases to level 2!
The orc priest casts a cantrip, but nothing happens.
You block the orc priest's attack.
Found a scroll labeled AKESIT DANUCUH.
Items here: )))) [[ ††††† You hit the orc priest.
The orc priest is lightly wounded.
The orc priest hits you with a trident.
You die...

▒▒▒▒▒ ···▒
▒·▒▒▒▒▒▒·▒ ▒
▒········▒
▒▒▒·▒▒▒···<▒▒▒▒▒·▒
▒···o@············
····▒▒!··▒▒▒·▒▒▒▒▒·▒
· ▒·▒▒▒ ▒·▒ ▒· ▒·▒
▒· ▒·▒ ▒· ▒·▒ ▒? ▒·▒
▒· ▒·▒ ▒·▒


You could see an orc priest.

Vanquished Creatures
  An orc priest (D:3)
  Terence (D:2)
  4 adders
  3 oozes (D:1)
  2 worms (D:2)
  2 leopard geckos (D:2)
  3 orcs (D:3)
  2 giant cockroaches
  6 goblins
  5 hobgoblins
  8 jackals
  2 quokkas (D:2)
  5 bats
  3 frilled lizards
  3 kobolds (D:2)
  8 rats
58 creatures vanquished.

Notes
Turn   | Place    | Note
-------+----------+-------------------------------------------
     0 | D:1      | Azzok the Minotaur Fighter began the quest for the Orb.
     0 | D:1      | Reached XP level 1. HP: 19/19 MP: 0/0
    67 | D:1      | Reached skill level 3 in Axes
    95 | D:1      | Reached XP level 2. HP: 26/26 MP: 1/1
   142 | D:1      | Reached skill level 4 in Axes
   259 | D:1      | Reached XP level 3. HP: 27/31 MP: 2/2
   676 | D:2      | Found an iron altar of Okawaru.
   687 | D:2      | Became a worshipper of Warmaster Okawaru
   721 | D:2      | Found a faded altar of an unknown god.
   932 | D:2      | Reached skill level 5 in Axes
   932 | D:2      | Reached XP level 4. HP: 33/39 MP: 3/3
  1062 | D:2      | Reached skill level 1 in Invocations
  1336 | D:2      | Noticed Terence
  1361 | D:2      | Killed Terence
  1668 | D:3      | Reached XP level 5. HP: 45/45 MP: 5/5
  1678 | D:3      | HP: 1/45 [orc priest/divine providence (17)]
  1679 | D:3      | Reached skill level 6 in Axes
  1681 | D:3      | Slain by an orc priest

Vault maps used:
D:1:      sevenhm_arrival_forest_fort_large_1
D:2:      old_standard_altar, chequers_ecumenical_altar_simple_redux,
          minmay_pentomino_p2, uniq_terence
D:3:      uniq_natasha

Skill      XL: |  1  2  3  4  5 |
---------------+----------------+-----
Axes           | 3 4 5 6 |  6.0
Invocations    | 1 2 |  2.0
Fighting       | |  3.6
Armour         | |  3.6
Shields        | |  3.6

Action                   |  1- 3 |  4- 6 || total
-------------------------+-------+-------++-------
Melee: War axe           |    74 |    58 ||   132
       Headbutt          |     8 |     8 ||    16
       Unarmed           |       |    21 ||    21
  Eat: Chunk             |       |     3 ||     3
Armor: Scale mail        |    17 |       ||    17
       Chain mail        |    10 |    35 ||    45
       Skin              |       |     5 ||     5
Dodge: Dodged            |    31 |    33 ||    64
Block: Shield            |    37 |    26 ||    63
